 Dungeon Crawl Stone Soup version 0.30.1-11-g7821555f0a (webtiles) character file.

Game seed: 11406519957399839889

3585 Blazingfury64 the Carver (level 10, -3/79 HPs)
             Began as a Human Wanderer on Jan 13, 2024.
             Slain by a boulder beetle (37 damage)
             ... on level 7 of the Dungeon.
             The game lasted 00:27:42 (6672 turns).

Blazingfury64 the Carver (Human Wanderer)           Turns: 6672, Time: 00:27:43

Health: -3/79      AC: 20    Str: 19    XL:     10   Next: 31%
Magic:  12/12      EV:  3    Int: 16    God:
Gold:   353        SH:  0    Dex:  8    Spells: 10/11 levels left

rFire   . . .        q - +6 long sword "Ylo Omim" {pain, rElec rPois Int+3}
rCold   . . .        x - +0 tower shield
rNeg    . . .        v - +0 plate armour
rPois   +            s - +0 helmet
rElec   +            h - scarf {repulsion}
rCorr   .            g - +0 pair of gloves
SInv    .            n - +2 pair of boots
Will    .....        B - amulet of reflection Stlth
                     i - ring of poison resistance
HPRegen 0.33/turn    (no ring)
MPRegen 0.13/turn

%: repel missiles, reflection
@: confused, ambrosia-drunk
A: iridescent scales 1, clumsy 1, high MP 1
a: no special abilities


You were on level 7 of the Dungeon.
You visited 1 branch of the dungeon, and saw 7 of its levels.

You collected 353 gold pieces.

Inventory:

Hand Weapons
 a - a +4 falchion of chaos
 q - the +6 long sword "Ylo Omim" (weapon) {pain, rElec rPois Int+3}
   (You found it on level 3 of the Dungeon)

   Int:       It affects your intelligence (+3).
   rElec:     It insulates you from electricity.
   rPois:     It protects you from poison.
Armour
 g - a +0 pair of gloves (worn)
 h - a scarf of repulsion (worn)
 j - an orb of mayhem
 n - a +2 pair of boots (worn)
 s - a +0 helmet (worn)
 v - a +0 plate armour (worn)
 x - a +0 tower shield (worn)
 G - a +2 scale mail of cold resistance
Magical Staves
 e - a staff of poison
Jewellery
 i - a ring of poison resistance (left hand)
 t - a +4 ring of slaying
 z - a +4 ring of protection
 B - an amulet of reflection (around neck)
 E - a ring of wizardry
Wands
 c - a wand of mindburst (2)
 D - a wand of iceblast (17)
Scrolls
 b - a scroll of silence
 f - 2 scrolls of amnesia
 l - 3 scrolls of identify
 p - a scroll of torment
 r - a scroll of enchant weapon
 u - a scroll of magic mapping {unknown}
 y - a scroll of teleportation
Potions
 d - a potion of ambrosia
 k - 2 potions of degeneration {unknown}
 m - a potion of curing
 o - 4 potions of brilliance
 w - a potion of magic
 F - a potion of cancellation


   Skills:
 * Level 7.0 Fighting
 * Level 9.7 Long Blades
 * Level 5.7 Armour
 + Level 1.9 Dodging
 - Level 0.5 Stealth
 * Level 6.0 Shields
 + Level 1.0 Spellcasting
 + Level 2.0 Ice Magic


You had 10 spell levels left.
You knew the following spells:

 Your Spells              Type           Power      Damage    Failure   Level
a - Freeze                Ice            28%        1d5       100%        1

Your spell library contained the following spells:

 Spells                   Type           Power      Damage    Failure   Level
 Beastly Appendage        Tmut           0%         N/A       100%        1
 Blink                    Tloc           0%         N/A       100%        2
 Lesser Beckoning         Tloc           0%         N/A       100%        2
 Momentum Strike          Conj/Tloc      0%         3d8       100%        2
 Wereblood                Tmut           0%         N/A       100%        2
 Frozen Ramparts          Ice            14%        1d3       100%        3
 Ignite Poison            Fire/Tmut/Pois 0%         N/A       100%        3
 Spider Form              Tmut/Pois      0%         N/A       100%        3
 Animate Armour           Summ/Erth      0%         N/A       100%        4
 Olgreb's Toxic Radiance  Pois           0%         N/A       100%        4
 Sticky Flame             Conj/Fire      0%         2d3       100%        4
 Blade Hands              Tmut           0%         N/A       100%        5
 Iron Shot                Conj/Erth      0%         9d1       100%        6
 Discord                  Hex            0%         N/A       100%        8
 Ignition                 Fire           0%         3d3       100%        8
 Chain Lightning          Conj/Air       0%         N/A       100%        9
 Fire Storm               Conj/Fire      0%         5d1       100%        9
 Shatter                  Erth           0%         3d5*      100%        9


Dungeon Overview and Level Annotations

Branches:
Dungeon (7/15)             Temple (0/1) D:7

Altars:
Dithmenos
Elyvilon
Makhleb
Nemelex Xobeh
Uskayaw
Yredelemnul
Zin

Shops:
D:1 :   D:3 *

Annotations:
D:7 1 runed translucent door


Innate Abilities, Weirdness & Mutations

You are partially covered in iridescent scales. (AC +2)
You are clumsy. (Dex -2)
You have an increased reservoir of magic. (+10% MP)


Message History

The troll is heavily wounded.
The troll bites you!
* * * LOW HITPOINT WARNING * * *
The troll claws you but does no damage. x2; The boulder beetle leaps!
You block the troll's attack. x3
You slash the troll!
The troll is severely wounded.
The boulder beetle leaps!
The troll bites you but does no damage. The troll claws you.
* * * LOW HITPOINT WARNING * * *
You block the troll's attack.
You hit the troll but do no damage.
The troll is severely wounded.
You block the troll's attack. x2; The troll claws you but does no damage.
You hit the troll.
The troll is severely wounded.
You block the troll's attack. x3
You hit the troll but do no damage.
The troll is severely wounded.
You block the troll's attack. x3; The troll barely misses you.
The troll claws you but does no damage. The troll barely misses you.
You are confused.
You feel invigorated.
The boulder beetle bites you but does no damage.
The troll bites you but does no damage.
The troll claws you but does no damage. x2
You bump into the stone wall.
The boulder beetle leaps!
The kobold demonologist miscasts a cantrip.
The troll bites you but does no damage. The troll claws you but does no damage.
The troll barely misses you.
You bump into the stone wall.
The troll bites you!
The troll claws you but does no damage. x2
The boulder beetle curls into a ball and begins rolling!
You bump into the stone wall.
The kobold demonologist casts a spell.
The troll bites you but does no damage. The troll claws you but does no damage.
The troll claws you.
You miss the troll.
The troll is heavily wounded.
The boulder beetle hits you!!!
You die...

.#.)).#...#.##.##.#.#.##.#..#.##.
.#.#).#...#.#..#.##.##.#...##.###
#...##......#.## #...# ##..##....
.........#....#.##... #..####..
...#######...##.#... ##...##..
...# ###...### #..)### ####...#.
...###...### ##K#.####..###...
#..#...###.# ##T###.##..#..###.
#....### #.# ##@##.##.#..###..##
...###.##. #.##B##..}##..#..###..
.##...# #..#.#○#..8}.#.####..###
...#### #..°.##..|##.# #..#
.#...### #.##°#.##)##.## ##
...#...### ...##.#.#.## ###.
#........####.####)#.## ###...
#####......### ###...# ###...##
######...## .....##...###


You could see a boulder beetle (rolling), a kobold demonologist and a troll.

Vanquished Creatures
  3 cyclopes
  Grinder (D:3)
  Sigmund (D:5)
  A steam dragon (D:7)
  A water moccasin (D:5)
  2 black bears (D:5)
  An orc warrior (D:7)
  An ice beast (D:6)
  An ogre (D:6)
  3 centaurs
  2 phantoms (D:5)
  A kobold brigand (D:7)
  A bullfrog (D:6)
  3 hounds
  A jelly (D:6)
  2 orc priests
  A sleepcap (D:6)
  2 gnoll boudas (D:7)
  5 iguanas
  4 orc wizards
  Robin (D:3)
  8 gnolls
  6 adders
  2 white imps
  3 ufetubi
  4 worms
  16 dart slugs
  15 orcs
  5 ball pythons
  8 endoplasms
  7 giant cockroaches
  12 goblins
  6 hobgoblins
  9 jackals
  4 quokkas
  5 bats
  A frilled lizard (D:2)
  9 kobolds
  6 rats
164 creatures vanquished.

Vanquished Creatures (collateral kills)
  A dart slug (D:3)
  An orc (D:3)
  2 goblins (D:3)
4 creatures vanquished.

Vanquished Creatures (others)
  2 dart slugs (D:3)
  A hobgoblin (D:3)
  A ball python (D:3)
4 creatures vanquished.

Grand Total: 172 creatures vanquished

Notes
Turn   | Place    | Note
-------+----------+-------------------------------------------
     0 | D:1      | Blazingfury64 the Human Wanderer began the quest for the
                  | Orb.
     0 | D:1      | Blazingfury64 set off with the following items: a +3
                  | falchion, a scroll of silence, a +0 leather armour; and the
                  | following spell memorised: Freeze; and the following spells
                  | available to memorise: Frozen Ramparts.
     0 | D:1      | Reached XP level 1. HP: 18/18 MP: 2/2
    98 | D:1      | Reached XP level 2. HP: 7/24 MP: 0/3
   270 | D:1      | Found Pyj Pa Qow's Book Shop.
   381 | D:1      | Reached XP level 3. HP: 29/29 MP: 4/4
   382 | D:1      | Gained mutation: You have an increased reservoir of magic.
                  | (+10% MP) [potion of mutation]
   382 | D:1      | Gained mutation: You are partially covered in iridescent
                  | scales. (AC +2) [potion of mutation]
   382 | D:1      | Gained mutation: You are clumsy. (Dex -2) [potion of
                  | mutation]
  1051 | D:2      | Reached XP level 4. HP: 30/37 MP: 6/6
  1259 | D:2      | Reached skill level 4 in Long Blades
  1512 | D:2      | Found a faded altar of an unknown god.
  1703 | D:3      | Reached skill level 1 in Armour
  1797 | D:3      | Found Zin's Purification Station.
  1801 | D:3      | Found a glowing silver altar of Zin.
  1816 | D:3      | Reached XP level 5. HP: 42/42 MP: 7/7
  1864 | D:3      | Found a shadowy altar of Dithmenos.
  2027 | D:3      | Noticed Grinder
  2047 | D:3      | Killed Grinder
  2048 | D:3      | Reached skill level 5 in Long Blades
  2048 | D:3      | Reached XP level 6. HP: 31/49 MP: 8/8
  2048 | D:3      | Reached XP level 7. HP: 35/55 MP: 9/9
  2068 | D:3      | Identified the +6 long sword "Ylo Omim" {pain, rElec rPois
                  | Int+3}
  2264 | D:3      | Noticed Robin
  2280 | D:3      | Killed Robin
  2844 | D:3      | Found a basalt altar of Yredelemnul.
  2999 | D:4      | Found a burning altar of Makhleb.
  3252 | D:4      | Reached skill level 5 in Fighting
  3425 | D:4      | Found a sparkling altar of Nemelex Xobeh.
  3482 | D:5      | Entered Level 5 of the Dungeon
  3670 | D:5      | Found a hide-covered altar of Uskayaw.
  3722 | D:5      | Reached skill level 6 in Long Blades
  3833 | D:5      | Noticed Sigmund
  3841 | D:5      | Reached skill level 1 in Shields
  3866 | D:5      | Killed Sigmund
  3867 | D:5      | Reached XP level 8. HP: 31/62 MP: 10/10
  4067 | D:5      | Reached skill level 7 in Long Blades
  4428 | D:5      | Identified a scroll of acquirement
  4428 | D:5      | Acquired a scarf of repulsion
  4679 | D:6      | Noticed a cyclops
  4695 | D:6      | Killed a cyclops
  4696 | D:6      | Reached skill level 8 in Long Blades
  4696 | D:6      | Reached XP level 9. HP: 39/69 MP: 11/11
  5411 | D:6      | Found a white marble altar of Elyvilon.
  5703 | D:6      | Reached skill level 5 in Armour
  6167 | D:7      | Found a staircase to the Ecumenical Temple.
  6344 | D:7      | Found a runed translucent door.
  6417 | D:7      | Noticed a cyclops
  6418 | D:7      | Noticed a cyclops
  6430 | D:7      | Killed a cyclops
  6431 | D:7      | Reached skill level 9 in Long Blades
  6431 | D:7      | Reached skill level 5 in Shields
  6431 | D:7      | Reached XP level 10. HP: 55/77 MP: 12/12
  6443 | D:7      | Killed a cyclops
  6648 | D:7      | Noticed a boulder beetle
  6651 | D:7      | Noticed a kobold demonologist
  6672 | D:7      | Slain by a boulder beetle

Illustrated notes

Levels and vault maps discovered:
D:1:      evilmike_arrival_rings, layout_loops_ring, serial_shops,
          nicolae_shop_window_shopping
D:2:      minmay_recursive_quarters, layout_basic,
          shapermc_ecumenical_altar_mp_urbaneastern
D:3:      kennysheep_slugbush, layout_loops_corners,
          mainiacjoe_overflow_cross_hatched, zin_purify, lemuel_doored_altar,
          minmay_liquid_box, uniq_robin, uniq_grinder
D:4:      layout_cave_pools, lemuel_coloured_pillars_altar,
          makhleb_heckhound_becter
D:5:      layout_cave_pools, old_standard_altar, uniq_sigmund
D:6:      layout_basic, kennysheep_mini_moat, kennysheep_generic_room_14
D:7:      minmay_the_grid_four_pointed_star
          [minmay_the_grid_triangle_9x9_limited_checkers,
          minmay_the_grid_triangle_9x9_longest,
          minmay_the_grid_triangle_9x9_subtriangle,
          minmay_the_grid_triangle_9x9_corruption,
          minmay_the_grid_prize_diamond_cup], layout_basic,
          minmay_temple_entry_mini_moons

Skill      XL: |  1  2  3  4  5  6  7  8  9 10 |
---------------+-------------------------------+-----
Fighting       | 4 5 6 7 |  7.0
Long Blades    | 4 5 6 8 9 |  9.7
Armour         | 1 2 3 4 5 |  5.7
Shields        | 1 3 5 6 |  6.0
Dodging        | |  1.9
Stealth        | |  0.5
Spellcasting   | |  1.0
Ice Magic      | |  2.0

Action                     |  1- 3 |  4- 6 |  7- 9 | 10-12 || total
---------------------------+-------+-------+-------+-------++-------
  Melee: Falchion          |    78 |   137 |    22 |       ||   237
         Punch             |     2 |       |       |       ||     2
         Long sword        |       |       |   351 |    28 ||   379
   Cast: Freeze            |     2 |       |       |       ||     2
  Evoke: Wand              |       |     1 |       |     2 ||     3
    Use: Potion            |     3 |     3 |     6 |     1 ||    13
         Scroll            |       |       |    10 |       ||    10
 Armour: Leather armour    |    14 |       |       |       ||    14
         Ring mail         |    22 |     4 |       |       ||    26
         Scale mail        |       |    90 |    25 |       ||   115
         Plate armour      |       |       |   313 |    26 ||   339
  Dodge: Dodged            |    43 |    98 |    48 |     3 ||   192
  Block: Tower shield      |       |       |   270 |    35 ||   305
         Reflection        |       |       |     7 |     7 ||    14
